 Dungeon Crawl Stone Soup version 0.18-a0-116-g2d311b1 (webtiles) character file.

290422 ReteAZ the Warrior (level 19, -14/172 HPs)
             Began as a Minotaur Assassin on Nov 15, 2015.
             Was the Champion of Dithmenos.
             Killed from afar by a deep elf annihilator (70 damage)
             ... with a crystal spear
             ... on level 3 of the Elven Halls on Nov 16, 2015.
             The game lasted 03:41:04 (48475 turns).

ReteAZ the Warrior (Minotaur Assassin)             Turns: 48475, Time: 03:41:04

Health: -14/172    AC: 21    Str: 12    XL:     19   Next: 93%
Magic:  35/35      EV: 27    Int:  5    God:    Dithmenos [******]
Gold:   2727       SH: 10    Dex: 27    Spells: 2 memorised, 18 levels left

rFire  + . .     SeeInvis +     P - +8 short sword "Thing" {pierce, +Inv rF+ Str-5 Int-2}
rCold  . . .     Clarity  .     t - +5 leather armour of Responsibility {+Fly rElec rN+ Int-3}
rNeg   + + .     SustAt   .     e - +3 buckler
rPois  .         Gourm    .     r - +0 mask of the Dragon {MR+ Slay+3 SInv}
rElec  +         Spirit   .     p - +0 cloak of the Buccaneer {rElec MP+9}
rCorr  .         Warding  .     E - +2 pair of gloves {Dex+3}
rMut   .         Stasis   .     n - +3 pair of boots "Koap" {rN+}
MR     ++...                    C - amulet of rage
Stlth  ++++++++++               h - ring of stealth
                                k - ring of Sopacokh {+Fly Dex+5}

@: very slightly contaminated, wreathed by umbra, invisible, very resistant to
hostile enchantments, uncannily stealthy
A: retaliatory headbutt, claws 1, horns 2, thin skeletal structure 1, shaggy fur
1, spit poison 2
a: Spit Poison, Shadow Step, Shadow Form, Renounce Religion, Evoke Berserk Rage,
Evoke Flight
}: 2/15 runes: decaying, gossamer


You were on level 3 of the Elven Halls.
You worshipped Dithmenos.
Dithmenos was exalted by your worship.
You were hungry.

You visited 7 branches of the dungeon, and saw 37 of its levels.
You also visited: Labyrinth and Ice Cave.

You collected 3868 gold pieces.
You spent 1141 gold pieces at shops.

Inventory:

Hand Weapons
 i - a +1 short sword of holy wrath
 P - the +8 short sword "Thing" (weapon) {pierce, +Inv rF+ Str-5 Int-2}
   (You bought it in a shop on level 4 of the Orcish Mines)

   It inflicts extra damage upon your enemies.
   It affects your strength (-5).
   It affects your intelligence (-2).
   It protects you from fire.
   It lets you turn invisible.
Armour
 e - a +3 buckler (worn)
 f - a +2 cloak
 n - the +3 pair of boots "Koap" (worn) {rN+}
   (You found it on level 8 of the Lair of Beasts)

   It protects you from negative energy.
 p - the +0 cloak of the Buccaneer (worn) {rElec MP+9}
   (You found it on level 3 of the Elven Halls)

   It insulates you from electricity.
   It affects your magic capacity (+9).
 r - the +0 mask of the Dragon (worn) {MR+ Slay+3 SInv}
   (You found it in a labyrinth)

   It affects your accuracy and damage with ranged weapons and melee attacks
   (+3).
   It affects your resistance to hostile enchantments.
   It lets you see invisible.
 t - the +5 leather armour of Responsibility (worn) {+Fly rElec rN+ Int-3}
   (You found it on level 7 of the Dungeon)

   It affects your intelligence (-3).
   It insulates you from electricity.
   It protects you from negative energy.
   It lets you fly.
 E - a +2 pair of gloves of dexterity (worn)
Jewellery
 b - an uncursed ring of poison resistance
 h - a ring of stealth (right hand)
 k - the ring of Sopacokh (left hand) {+Fly Dex+5}
   (You found it in an ice cave)

   [ring of flight]

   It affects your dexterity (+5).
   It lets you fly.
 m - an uncursed amulet of resist corrosion
 C - an amulet of rage (around neck)
Wands
 A - a wand of hasting (4)
 F - a wand of digging (10)
 H - a wand of disintegration (3)
 M - a wand of invisibility (3)
 Y - a wand of teleportation (4)
Scrolls
 c - 4 scrolls of remove curse
 o - a scroll of recharging
 s - 5 scrolls of teleportation
 J - 6 scrolls of identify
 K - 2 scrolls of fear
 Q - 3 scrolls of blinking
 T - a scroll of holy word
 V - 4 scrolls of fog
Potions
 d - a potion of might
 x - 4 potions of invisibility
 B - 10 potions of curing
 G - 2 potions of heal wounds
 L - 2 potions of berserk rage
 Z - a potion of agility
Miscellaneous
 a - a legendary deck of changes {the Alchemist}
 y - a phantom mirror
 I - a sack of spiders
 S - a phial of floods (inert)
 W - a disc of storms
Comestibles
 g - 11 bread rations {@e1}
 j - 5 fruits
 l - 11 chunks of flesh {@w0}
 v - 14 royal jellies
 w - 7 slices of pizza
 z - 17 meat rations {@e2}
 N - 7 beef jerkies


   Skills:
 + Level 15.7 Fighting
 - Level 12.0 Short Blades
 - Level 2.0 Throwing
 + Level 15.0 Armour
 + Level 13.1 Dodging
 - Level 15.0 Stealth
 - Level 4.2 Shields
 - Level 2.3 Spellcasting
 - Level 8.0 Charms
 - Level 8.0 Air Magic
 - Level 6.1 Invocations
 - Level 11.0 Evocations


You had 18 spell levels left.
You knew the following spells:

 Your Spells              Type           Power        Failure   Level  Hunger
a - Repel Missiles        Chrm/Air       #.....       2%          2    ###....
b - Swiftness             Chrm/Air       #.......     2%          2    ###....


Dungeon Overview and Level Annotations

Branches:
Dungeon (13/15)            Temple (1/1) D:7            Lair (8/8) D:11
  Swamp (4/4) Lair:5       Spider (4/4) Lair:6        Slime (0/6) Lair:7
    Orc (4/4) D:12            Elf (3/3) Orc:3
 Vaults: D:13-14

Altars:
Ashenzari
Cheibriados
Dithmenos
Elyvilon
Fedhas
Gozag
Kikubaaqudgha
Makhleb
Nemelex Xobeh
Okawaru
Qazlal
Ru
Sif Muna
Trog
Vehumet
Xom
Yredelemnul
Zin
The Shining One
Beogh
Jiyva

Shops:
D:6 *   D:8 :   D:12 *(   Orc:4 (*:[   Elf:2 (?}!

Portals:
Hell: Lair:8

Annotations:
Lair:6 exclusion: ice statue
Swamp:2 Frances


Innate Abilities, Weirdness & Mutations

You reflexively headbutt those who attack you in melee.
You have a pair of horns on your head.
You have sharp fingernails.
You have a somewhat thin skeletal structure (Dex +2, Stealth).
You are covered in fur (AC +1).
You can spit poison.


Message History

You puncture the deep elf sorcerer! You headbutt the deep elf sorcerer.
The deep elf sorcerer is moderately wounded.
Your shadow hits the deep elf sorcerer with a short sword.
You puncture the deep elf sorcerer! You headbutt the deep elf sorcerer!
The deep elf sorcerer is severely wounded.
The deep elf sorcerer misses you.
You hit the deep elf sorcerer.
The deep elf sorcerer is severely wounded.
Your shadow barely misses the deep elf sorcerer.
The deep elf knight is no longer moving quickly.
You puncture the deep elf sorcerer! You headbutt the deep elf sorcerer.
The deep elf sorcerer is almost dead.
Your shadow hits the deep elf sorcerer with a short sword.
You kill the deep elf sorcerer!
Dithmenos accepts your kill.
Dithmenos appreciates your extinguishing a source of fire.
Your Armour skill increases to level 15!
The deep elf annihilator casts a spell at you.
The crystal spear hits you!
You die...

.....e......(..e #...
...#e...(....#.. #...
#..........# #... ##.........##
#... #....eee....# ###'
#.....##e##..3.. #... ....## #e#
##..e #... ..## #§# ##. #... ##
#@# #... #§# #... #(# #...
################.#############...
......#.......#.))...#..........#
......#.......+.....)+.........##
......'.......#)(....#.....)).##.
####'##'########'###########'##..
..............................'..


You could see a deep elf annihilator.

Vanquished Creatures
  the Lernaean hydra (Swamp:4)
  Jorgrun (Swamp:2)
  Rupert (D:12)
  3 deep elf blademasters
  A deep elf master archer (Elf:3)
  2 thorn hunters
  Kirke (Lair:7)
  5 deep elf sorcerers
  5 ghost moths
  Aizul (Swamp:4)
  6 emperor scorpions
  A stone giant (Orc:3)
  4 deep elf demonologists
  2 dire elephants (Lair:8)
  3 deep elf annihilators (Elf:3)
  Erolcha (D:8)
  A minotaur (Lab)
  6 deep elf death magi (Elf:3)
  The ghost of Proton the Covert, a journeyman NaFi of Cheibriados (D:11)
  2 deep elf high priests
  27 hydras
  Fannar (D:12)
  2 entropy weavers
  Harold (D:12)
  2 ice dragons (IceCv)
  5 alligators
  2 ghost crabs
  Erica (Lair:2)
  2 ogre magi (Orc:4)
  A centaur warrior (D:12)
  15 dancing weapons (Elf:2)
  An orc high priest (Orc:4)
  Nergalle (Orc:2)
  A sun demon (Lair:8)
  23 deep elf knights
  2 deep trolls (Orc:4)
  A spriggan druid (Swamp:4)
  14 deep elf summoners
  11 swamp dragons
  Pikel (D:6)
  13 orb spiders
  4 hill giants
  An ugly thing (D:11)
  15 deep elf conjurers
  26 wolf spiders
  2 cyclopes (Orc:4)
  2 wizards
  An orc sorcerer (Orc:2)
  A griffon (Lair:8)
  A salamander (shapeshifter) (Elf:1)
  8 hornets
  2 moths of wrath
  16 elephants
  Joseph (D:8)
  A guardian serpent (shapeshifter) (Elf:3)
  A smoke demon (Lair:8)
  4 black mambas
  A gargoyle (D:10)
  2 torpor snails
  A komodo dragon (shapeshifter) (Elf:1)
  3 orange demons (Lair:8)
  20 spiny frogs
  6 demonic crawlers
  7 komodo dragons
  A hellwing (Lair:8)
  2 red devils (Lair:8)
  A queen bee (Spider:3)
  9 deep elf priests
  4 fire drakes
  22 jumping spiders
  11 trolls
  3 blue devils (Lair:8)
  4 giant leeches
  7 polar bears
  A boulder beetle (Lair:6)
  Prince Ribbit (D:6)
  13 bog bodies
  8 two-headed ogres
  38 blink frogs
  8 slime creatures
  A spriggan (shapeshifter) (Elf:1)
  20 deep elf magi
  35 redbacks
  4 spriggans
  69 yaks
  18 tarantellas
  3 shadows
  A redback (shapeshifter) (Elf:1)
  A wyvern (Lair:7)
  2 wraiths
  Eustachio (D:5)
  A basilisk (Lair:8)
  24 deep elf fighters
  3 hogs (Lair:7)
  Grum (D:8)
  22 vampire mosquitoes
  13 hippogriffs
  13 trapdoor spiders
  2 steam dragons
  A hungry ghost (Lab)
  12 wolves
  12 insubstantial wisps
  23 swamp worms
  A hell hound (Lair:8)
  6 porcupines
  18 swamp drakes
  3 wargs
  13 water moccasins
  24 ice beasts
  14 orc warriors
  5 wasps
  4 black bears
  5 sky beasts
  29 spiders
  12 centaurs
  31 ogres
  2 boggarts (Elf:1)
  5 phantoms
  A necrophage (D:9)
  A slave (D:6)
  2 big kobolds
  17 crocodiles
  A gnoll sergeant (D:10)
  12 giant frogs
  27 killer bees
  3 scorpions
  3 wights
  6 electric eels
  A crimson imp (D:8)
  2 centaur zombies
  10 iguanas
  17 orc priests
  2 centaur skeletons
  3 giant frog zombies
  6 hounds
  4 jellies
  28 orc wizards
  A giant frog skeleton (D:7)
  2 quasits
  A killer bee zombie (D:7)
  8 worker ants
  27 sheep
  A hound zombie (D:5)
  A hound skeleton (D:7)
  10 adders
  18 gnolls
  77 river rats
  3 shadow imps
  An ooze (D:2)
  2 adder skeletons (D:4)
  An adder zombie (D:7)
  3 worms
  132 orcs
  2 ball pythons
  7 bats
  10 goblins
  6 hobgoblins
  18 kobolds
  5 quokkas
  8 giant cockroaches
  4 giant geckos
  A giant gecko skeleton (D:5)
  A giant gecko zombie (D:5)
  4 giant newts
  16 jackals
  7 rats
  A briar patch (Swamp:4)
  A butterfly (D:2)
  3 fungi
  A plant (Lair:6)
1417 creatures vanquished.

Vanquished Creatures (collateral kills)
  A deep elf death mage (Elf:3)
1 creature vanquished.

Vanquished Creatures (others)
  A deep elf knight (Elf:2)
  A komodo dragon (Swamp:4)
  An adder (D:6)
  A giant cockroach (D:6)
  4 briar patches
  31 fungi
  13 plants
52 creatures vanquished.

Grand Total: 1470 creatures vanquished

Notes
Turn   | Place    | Note
--------------------------------------------------------------
     0 | D:1      | ReteAZ the Minotaur Assassin began the quest for the Orb.
     0 | D:1      | Reached XP level 1. HP: 18/18 MP: 0/0
   280 | D:1      | Reached XP level 2. HP: 15/25 MP: 1/1
  1319 | D:2      | Reached XP level 3. HP: 30/30 MP: 2/2
  1388 | D:2      | Reached skill level 4 in Short Blades
  1794 | D:2      | Reached XP level 4. HP: 8/37 MP: 3/3
  2386 | D:2      | Found a shimmering altar of Xom.
  2392 | D:2      | Reached skill level 5 in Short Blades
  3009 | D:3      | Found a faded altar to an unknown god.
  3177 | D:4      | Reached XP level 5. HP: 42/42 MP: 4/4
  3578 | D:4      | Noticed an ogre
  3624 | D:5      | Entered Level 5 of the Dungeon
  3948 | D:4      | Reached skill level 6 in Short Blades
  3953 | D:4      | Reached XP level 6. HP: 21/50 MP: 5/5
  4772 | D:5      | Reached skill level 5 in Stealth
  4965 | D:5      | Reached XP level 7. HP: 50/56 MP: 6/6
  5083 | D:5      | Reached skill level 7 in Short Blades
  5907 | D:5      | Noticed Eustachio
  5969 | D:5      | Reached skill level 8 in Short Blades
  6179 | D:5      | Reached XP level 8. HP: 62/62 MP: 7/7
  6280 | D:5      | Killed Eustachio
  6683 | D:6      | Reached skill level 9 in Short Blades
  6863 | D:6      | Noticed Prince Ribbit
  6866 | D:6      | Killed Prince Ribbit
  7024 | D:6      | Found Omarghi's Assorted Antiques.
  7059 | D:6      | Bought a cabochon ring for 135 gold pieces
  7076 | D:6      | Found a basalt altar of Yredelemnul.
  7320 | D:6      | Found a stormy altar of Qazlal.
  7578 | D:4      | Reached XP level 9. HP: 68/68 MP: 8/8
  7579 | D:4      | Found an opulent altar of Gozag.
  7823 | D:4      | Reached skill level 10 in Short Blades
  8529 | D:6      | Gained mutation: You can spit weak poison. [potion of mutation]
  8529 | D:6      | Gained mutation: You are frail (-10% HP). [potion of mutation]
  8529 | D:6      | Gained mutation: You are covered in fur (AC +1). [potion of mutation]
  8649 | D:6      | Noticed Pikel
  8666 | D:6      | Killed Pikel
  9013 | D:7      | Got a slimy leather armour
  9043 | D:7      | Identified the +5 leather armour of Responsibility {+Fly rElec rN+ Int-3} (You found it on level 7 of the Dungeon)
  9101 | D:7      | Found a staircase to the Ecumenical Temple.
  9110 | Temple   | Entered the Ecumenical Temple
  9384 | Temple   | Became a worshipper of Dithmenos the Shadowed
  9485 | D:7      | Reached skill level 10 in Stealth
  9732 | D:7      | Reached skill level 1 in Armour
  9732 | D:7      | Reached skill level 1 in Evocations
 10221 | D:8      | Noticed Joseph
 10226 | D:8      | Found a shattered altar of Ashenzari.
 10228 | D:8      | Killed Joseph
 10228 | D:8      | Reached skill level 5 in Fighting
 10228 | D:8      | Reached XP level 10. HP: 69/72 MP: 10/10
 10346 | D:8      | Noticed Erolcha
 10350 | D:8      | Paralysed by Erolcha for 2 turns
 10372 | D:8      | Killed Erolcha
 10552 | D:8      | Found Mebo's Book Boutique.
 10590 | D:8      | Got a flickering zirconium amulet
 10603 | D:8      | Identified the amulet "Naullimuki" {rMut -Tele rElec rC+ Slay-4} (You found it on level 8 of the Dungeon)
 10772 | D:8      | Reached * piety under Dithmenos
 10842 | D:8      | Noticed Grum
 11131 | D:8      | Killed Grum
 11701 | D:8      | Found a bloodstained altar of Trog.
 11835 | D:9      | Reached skill level 5 in Armour
 12322 | D:9      | Reached ** piety under Dithmenos
 12377 | D:10     | Entered Level 10 of the Dungeon
 12998 | D:10     | Reached XP level 11. HP: 82/84 MP: 13/13
 13091 | D:10     | Reached skill level 5 in Evocations
 13526 | D:10     | Noticed a five-headed hydra
 13556 | D:10     | Killed a five-headed hydra
 13860 | D:11     | Got a distressingly furry ring mail
 14294 | D:11     | Noticed a hill giant
 14547 | D:11     | Identified the cursed +0 ring mail "Gadu" {rF+ MR+} (You found it on level 11 of the Dungeon)
 14674 | D:11     | Noticed Proton's ghost (journeyman NaFi)
 14919 | D:11     | Found a staircase to the Lair.
 14944 | D:11     | Killed a hill giant
 15568 | D:11     | Gained mutation: You have a somewhat thin skeletal structure (Dex +2, Stealth). [potion of beneficial mutation]
 15782 | Lair:1   | Entered Level 1 of the Lair of Beasts
 15782 | Lair:1   | Noticed a four-headed hydra
 16084 | Lair:1   | Killed a four-headed hydra
 16084 | Lair:1   | Reached skill level 5 in Dodging
 16166 | Lair:1   | Reached *** piety under Dithmenos
 16639 | Lair:1   | Reached XP level 12. HP: 69/90 MP: 17/17
 17205 | Lair:2   | Found a frozen archway.
 17271 | Lair:2   | Got a bloodstained leather armour
 17275 | IceCv    | Entered an ice cave
 17307 | IceCv    | Identified the cursed +0 leather armour "Zibrar" {rN+ MR- MP+9 Dex+2} (You found it on level 2 of the Lair of Beasts)
 17314 | IceCv    | Noticed Proton's ghost (journeyman NaFi)
 17327 | IceCv    | Reached **** piety under Dithmenos
 17353 | IceCv    | Noticed an ice dragon
 17353 | IceCv    | Noticed an ice dragon
 17357 | IceCv    | Killed an ice dragon
 17385 | IceCv    | Killed an ice dragon
 17396 | IceCv    | Got a glittering wooden ring
 17454 | IceCv    | Identified the ring of Sopacokh {+Fly Dex+5} (You found it in an ice cave)
 17693 | IceCv    | Reached skill level 10 in Armour
 17963 | Lair:2   | Reached skill level 11 in Armour
 18136 | Lair:2   | Noticed Erica
 18158 | Lair:2   | Killed Erica
 18353 | Lair:2   | Reached skill level 12 in Armour
 19034 | Lair:3   | You fall through a shaft!
 19699 | Lair:4   | Reached XP level 13. HP: 80/96 MP: 18/18
 20233 | Lair:4   | Identified a scroll of acquirement
 20234 | Lair:4   | Got a crude quick blade
 20235 | Lair:4   | Identified the +1 quick blade of Trial by Ordeal {antimagic, *Rage rElec Int+3 SInv} (You acquired it on level 4 of the Lair of Beasts)
 20492 | Lair:5   | Gained mutation: You have sharp fingernails. [potion of beneficial mutation]
 21202 | Lair:5   | Reached ***** piety under Dithmenos
 21203 | Lair:5   | Found a staircase to the Swamp.
 21529 | Lair:6   | Found a basalt altar of Yredelemnul.
 21634 | Lair:6   | Found a hole to the Spider Nest.
 21859 | Lair:6   | Reached skill level 1 in Shields
 22643 | Lair:6   | Got a transparent flail
 23076 | Lair:7   | Reached skill level 13 in Stealth
 24456 | Lair:6   | Reached XP level 14. HP: 54/103 MP: 19/19
 24719 | Lair:7   | Found a staircase to the Slime Pits.
 24764 | Lair:7   | Found a viscous altar of Jiyva.
 24772 | Lair:7   | Noticed Kirke
 24845 | Lair:7   | Reached skill level 14 in Stealth
 24846 | Lair:7   | Identified the +0 flail of Evolution {crush, Int+2} (You found it on level 6 of the Lair of Beasts)
 24895 | Lair:7   | Killed Kirke
 25022 | Lair:8   | Entered Level 8 of the Lair of Beasts
 25287 | Lair:8   | Reached XP level 15. HP: 107/111 MP: 6/20
 25288 | Lair:8   | Reached skill level 10 in Dodging
 25288 | Lair:8   | Reached XP level 16. HP: 114/118 MP: 7/21
 25328 | Lair:8   | Reached skill level 15 in Stealth
 25421 | Lair:8   | Reached ****** piety under Dithmenos
 25463 | Lair:8   | Got a brightly glowing bronze ring
 25469 | Lair:8   | Got a pair of faintly glowing boots
 25473 | Lair:8   | Identified the ring of the Forsaken Beggars {Str+4 SInv} (You found it on level 8 of the Lair of Beasts)
 25481 | Lair:8   | Identified the +3 pair of boots "Koap" {rN+} (You found it on level 8 of the Lair of Beasts)
 25866 | Lair:8   | Lost mutation: You are frail (-10% HP). [the power of Zot]
 26520 | Lair:8   | Found a burning altar of Makhleb.
 27084 | Lair:8   | Found a gateway to Hell.
 27763 | D:11     | Killed Proton's ghost
 27922 | D:12     | Noticed Fannar
 27927 | D:12     | Killed Fannar
 27963 | D:12     | Learned a level 2 spell: Repel Missiles
 28056 | D:12     | Noticed Rupert
 28106 | D:12     | Paralysed by Rupert for 7 turns
 28130 | D:12     | Killed Rupert
 28130 | D:12     | Reached skill level 10 in Fighting
 28130 | D:12     | Reached skill level 1 in Spellcasting
 28130 | D:12     | Reached skill level 1 in Charms
 28328 | D:12     | Found Icre's Weapon Emporium.
 28328 | D:12     | Found a staircase to the Orcish Mines.
 28435 | D:12     | Found Uvimiq's Assorted Antiques.
 28444 | D:12     | Bought a scroll of teleportation for 66 gold pieces
 28444 | D:12     | Bought a scroll of teleportation for 66 gold pieces
 28444 | D:12     | Bought a scroll of teleportation for 66 gold pieces
 28488 | Orc:1    | Entered Level 1 of the Orcish Mines
 28768 | Orc:2    | Noticed Nergalle
 28777 | Orc:2    | Killed Nergalle
 29167 | Orc:1    | Found a burning altar of Makhleb.
 29790 | Orc:3    | Found a roughly hewn altar of Beogh.
 29819 | Orc:3    | Found a staircase to the Elven Halls.
 30302 | Orc:4    | Entered Level 4 of the Orcish Mines
 30302 | Orc:4    | Found Oveixkoi's Book Emporium.
 30302 | Orc:4    | Found Sekat's Antique Armour Shoppe.
 30302 | Orc:4    | Found Aphoshrakku's General Store.
 30360 | Orc:4    | Found Cinuneth's Antique Weapon Shoppe.
 31292 | Orc:4    | Learned a level 2 spell: Swiftness
 31747 | Orc:4    | Bought a scorched short sword for 168 gold pieces
 31747 | Orc:4    | Bought a bloodstained short sword for 168 gold pieces
 31753 | Orc:4    | Identified the +3 short sword "Trog's Brutal Revenge" {distort, *Confuse +Rage rElec Dex+2} (You bought it in a shop on level 4 of the Orcish Mines)
 31754 | Orc:4    | Identified the +8 short sword "Thing" {pierce, +Inv rF+ Str-5 Int-2} (You bought it in a shop on level 4 of the Orcish Mines)
 31760 | Orc:4    | Bought a scroll of identify for 24 gold pieces
 32097 | Elf:1    | Entered Level 1 of the Elven Halls
 32270 | Elf:1    | Reached XP level 17. HP: 140/140 MP: 22/22
 32471 | Elf:1    | Reached skill level 5 in Charms
 33435 | Elf:2    | Found Qefusk's Assorted Antiques.
 33454 | Elf:2    | Found Isikhloe's Magic Scroll Shoppe.
 33466 | Elf:2    | Bought a scroll of blinking for 97 gold pieces
 33466 | Elf:2    | Bought a scroll of teleportation for 39 gold pieces
 33518 | Elf:2    | Found Onuulial's Antique Weapon Boutique.
 33638 | Elf:2    | Found a runed gate.
 33638 | Elf:2    | Found a runed gate.
 33638 | Elf:2    | Found a runed gate.
 33777 | Elf:2    | Found Ucleh's Gadget Shop.
 33873 | Elf:2    | Bought a wand of teleportation (4) for 312 gold pieces
 33898 | Elf:2    | Found Lowerche's Distillery.
 35693 | Elf:2    | Reached skill level 1 in Air Magic
 36200 | D:12     | Noticed Harold
 36203 | D:12     | Killed Harold
 36386 | D:13     | Found a labyrinth entrance.
 36390 | Lab      | Entered a labyrinth
 36611 | Lab      | Got a brightly glowing scale mail
 36615 | Lab      | Got a slimy scale mail
 36631 | Lab      | Identified the cursed +1 scale mail "Gyughy" {Str+5} (You found it in a labyrinth)
 36638 | Lab      | Identified the +1 scale mail "Qesed" {MR+} (You found it in a labyrinth)
 36642 | Lab      | Identified the Guide on Ice and the Entourage (You found it in a labyrinth)
 36903 | Spider:1 | Entered Level 1 of the Spider Nest
 37925 | Spider:1 | Reached skill level 5 in Air Magic
 38780 | Spider:2 | Reached XP level 18. HP: 147/147 MP: 23/23
 39543 | Spider:3 | Upgraded the game from 0.18-a0-102-gb1241f3 to 0.18-a0-116-g2d311b1
 39908 | Spider:3 | Gained mutation: You can spit poison. [potion of beneficial mutation]
 39916 | Spider:3 | Got a steaming crystal plate armour
 39927 | Spider:3 | Identified the +0 crystal plate armour of Mumblety Peg {rPois rF+ Str-2 Dex+3} (You acquired it on level 3 of the Spider Nest)
 40261 | Spider:4 | Entered Level 4 of the Spider Nest
 40694 | Spider:4 | Reached skill level 1 in Invocations
 42027 | Spider:4 | Reached skill level 5 in Invocations
 42044 | Spider:4 | Got a gossamer rune of Zot
 42399 | Swamp:1  | Entered Level 1 of the Swamp
 42762 | Swamp:4  | Entered Level 4 of the Swamp
 42829 | Swamp:4  | Reached skill level 10 in Evocations
 42880 | Swamp:4  | Noticed Aizul
 42887 | Swamp:4  | Killed Aizul
 42986 | Swamp:4  | Noticed Mara
 43813 | Swamp:4  | Noticed ReteAZ's illusion
 43834 | Swamp:4  | Reached XP level 19. HP: 100/158 MP: 26/26
 44374 | Swamp:4  | Noticed the 27-headed Lernaean hydra
 44485 | Swamp:4  | Killed the 27-headed Lernaean hydra
 44488 | Swamp:4  | Got a decaying rune of Zot
 44606 | Swamp:3  | Got a twisted rapier
 45359 | Swamp:2  | Noticed Jorgrun
 45364 | Swamp:2  | Killed Jorgrun
 45507 | Swamp:2  | Identified the +5 rapier "Odiyts" {vamp, MR+} (You found it on level 3 of the Swamp)
 45570 | Swamp:2  | Noticed Frances
 45836 | Swamp:2  | You fall through a shaft!
 47170 | Elf:3    | Entered Level 3 of the Elven Halls
 47188 | Elf:3    | Reached skill level 15 in Fighting
 47854 | Elf:3    | Got a steaming cloak
 47865 | Elf:3    | Identified the +0 cloak of the Buccaneer {rElec MP+9} (You found it on level 3 of the Elven Halls)
 48475 | Elf:3    | Reached skill level 15 in Armour
 48475 | Elf:3    | Killed from afar by a deep elf annihilator

Vault maps used:
D:1:      dpeg_arrival_sounds_slurp, minivault_4, st_stairs_9
D:2:      xom_butterflies
D:3:      ecumenical_altar_2
D:4:      grunt_gozag_statues
D:5:      first_bread, minivault_5, uniq_eustachio
D:6:      minitemple, serial_shops, nicolae_shop_overgrown_old_shop,
          eino_small_chamber_without_monster, uniq_pikel, uniq_prince_ribbit1
D:7:      minmay_temple_entry_statues_pillars, the_bakery
D:8:      lightli_temple_of_fire, serial_shops, shop, ashenzari_altar_1,
          uniq_joseph, uniq_erolcha, uniq_grum
D:10:     hangedman_abyss_or_decor_lesser_grid
D:11:     david_lair_shrubbed
D:12:     orc_david_3, serial_shops, nicolae_shop_crystal, hangedman_decor_push,
          uniq_harold, uniq_rupert, uniq_fannar
D:13:     lab_entry_generic, small_statue_intersection
Temple:   chambers_temple_14
Lair:2:   portal_ice_cave_entry_ice_beasts, uniq_erica
Lair:3:   serial_bayou_shore_b, lemuel_fruit_fields
Lair:5:   nicolae_swamp_entry_splash_gauntlet
Lair:6:   statuecave_lemuel, spider_nest_entry_funnel_web, basic_altar
Lair:7:   slime_altar_1, beast_lair_carwin_1, grunt_megastairs_4,
          lemuel_fruit_fields, uniq_kirke
Lair:8:   evil_forest
Swamp:1:  nicolae_swamp_trees_clearing, swamp_pool4
Swamp:2:  nicolae_swamp_round_clearing, swamp_pool2, uniq_jorgrun, uniq_frances
Swamp:3:  evilmike_swamp_ruin_house_1
Swamp:4:  grunt_swamp_rune_castle, uniq_mara, uniq_aizul
Spider:3: special_room
Spider:4: spider_rune_water, hangedman_spider_tarantella_strand
Orc:1:    basic_altar
Orc:2:    uniq_nergalle
Orc:3:    basic_altar, nicolae_orc_pool_cavern
Orc:4:    st_orc_open
Elf:1:    hangedman_elf_disciples
Elf:2:    serial_shops, nicolae_shop_temple_entry_statues_fountains, shop,
          shop_fountains, shop, shop
Elf:3:    elf_hall, basic_stair_grate_trap
Lab:      labyrinth_watery, labyrinth_skeletal_remains, nicolae_lab_arrow,
          nicolae_lab_checkerboard
IceCv:    ice_cave_small_dragons

Action                   |  1- 3 |  4- 6 |  7- 9 | 10-12 | 13-15 | 16-18 | 19-21 || total
-------------------------+-------+-------+-------+-------+-------+-------+-------++-------
Melee: Dagger            |   120 |    67 |       |       |       |   586 |       ||   773
       Rapier            |       |   104 |   330 |   232 |   567 |       |       ||  1233
       Short sword       |       |       |       |   873 |     9 |  1560 |   668 ||  3110
       Quick blade       |       |       |       |       |   202 |   613 |       ||   815
 Fire: Blowgun           |       |     3 |    13 |    20 |       |       |       ||    36
Throw: Tomahawk          |       |       |       |    12 |     5 |     3 |       ||    20
       Javelin           |       |       |       |     5 |     4 |       |       ||     9
       Throwing net      |       |       |       |     1 |       |     1 |     3 ||     5
 Cast: Swiftness         |       |       |       |       |       |       |     1 ||     1
Invok: Shadow Step       |       |       |       |     1 |       |     1 |       ||     2
 Abil: Spit Poison       |       |       |     1 |       |     1 |       |       ||     2
       Evoke Invisibilit |       |       |       |     2 |       |     1 |       ||     3
       Evoke Flight      |       |       |       |     3 |     1 |       |       ||     4
       Evoke Berserk Rag |       |       |       |       |       |     4 |       ||     4
Evoke: Wand              |       |       |     6 |     2 |     2 |    11 |     2 ||    23
       Phial of floods   |       |       |       |       |       |     1 |     1 ||     2
       Disc of storms    |       |       |       |       |       |       |     2 ||     2
  Use: Scroll            |       |     2 |    10 |    15 |     9 |    30 |     2 ||    68
       Potion            |       |     1 |    10 |     4 |     3 |     9 |     2 ||    29
 Stab: Sleeping          |     5 |     6 |    19 |    45 |    52 |   138 |    24 ||   289
       Distracted        |       |       |       |     7 |     5 |    39 |     8 ||    59
       Invisible         |       |       |       |     3 |       |    43 |    10 ||    56
       Confused          |       |       |       |       |       |       |     1 ||     1
  Eat: Chunk             |    22 |     9 |    22 |    24 |    48 |    46 |    10 ||   181
       Beef jerky        |       |       |       |       |     1 |       |       ||     1
       Fruit             |       |       |       |       |       |     9 |     5 ||    14
       Bread ration      |       |       |       |       |       |     4 |       ||     4
